Map: Kairos Junction LE

Players

PeLLy

  • Race: Zerg Zerg
  • League: Diamond
  • Spawn Location: 11:00

Refactor - Winner!

  • Race: Protoss Protoss
  • League: Diamond
  • Spawn Location: 5:00

VOD

Have the link to the VOD?

Description

Time

  • Played on: July 28, 2019, 4:21 p.m.
  • Length: 18:43
Show
View Real Time Build Order
Export as new Build Order

PeLLy Zerg 

Build Orders: Hatch First 

Get SALT Encoding   

  12  0:01  Drone  
  13  0:12  Overlord  
  13  0:21  Drone  
  14  0:30  Drone  
  14  0:31  Drone  
  16  0:39  Drone  
  17  1:08  Drone  
  17  1:09  Drone x2  
  20  1:14  Extractor  
  20  1:15  Hatchery  
  18  1:20  Spawning Pool  
  18  1:46  Drone x3  
  21  2:22  Zergling x2  
  22  2:24  Overlord  
  22  2:27  Queen  
  20  2:38  Hatchery  
  19  2:48  Extractor  
  19  2:49  Extractor  
  17  2:56  Drone x3  
  20  3:02  Drone x2  
  20  3:03  Drone  
  23  3:06  Roach Warren  
  18  3:51  Queen  
  18  3:55  Roach  
  22  4:03  Drone x6  
  28  4:14  Zergling x4  
  30  4:25  Drone x3  
  33  4:33  Drone  
  34  4:41  Roach  
  36  4:51  Overlord x2  
  36  5:01  Overlord  
  36  5:09  Queen  
  36  5:10  Spore Crawler  
  36  5:12  Spore Crawler  
  36  5:18  Lair  
  36  5:24  Ravager x2  
  36  5:26  Roach x6  
  50  5:44  Drone  
  50  5:45  Drone  
  52  5:56  Overlord  
  52  5:57  Overlord  
  52  5:58  Overlord  
  52  6:15  Drone x5  
  57  6:25  Ravager x2  
  59  6:26  Ravager  
  59  6:28  Drone  
  59  6:29  Drone x4  
  65  6:35  Glial Reconstitution  
  65  6:41  Evolution Chamber  
  65  6:42  Evolution Chamber  
  63  7:02  Roach  
  63  7:03  Roach x4  
  73  7:12  Hatchery  
  73  7:14  Zerg Missile Weapons Level 1  
  72  7:18  Drone x4  
  72  7:20  Overlord x2  
  74  7:46  Roach x9  
  92  7:56  Roach  
  92  7:58  Overlord x2  
  70  8:20  Zergling x8  
  70  8:23  Metabolic Boost  
  70  8:25  Zerg Melee Weapons Level 1  
  74  8:31  Drone x2  
  74  8:32  Drone x2  
  78  8:36  Ravager  
  76  8:49  Zergling x2  
  76  8:50  Zergling x8  
  68  9:09  Roach  
  71  9:10  Roach x6  
  66  9:21  Extractor  
  66  9:22  Extractor  
  64  9:28  Zergling x2  
  64  9:29  Zergling x16  
  70  9:36  Zerg Missile Weapons Level 2  
  70  10:06  Roach x10  
  83  10:19  Overseer  
  81  10:28  Overseer  
  81  10:30  Drone x2  
  81  10:31  Drone x3  
  81  10:33  Drone x11  
  92  10:52  Hatchery  
  91  11:03  Drone x3  
  91  11:04  Drone x5  
  99  11:06  Queen x2, Hatchery  
  102  11:25  Roach x2  
  106  11:27  Roach  
  106  11:28  Overlord  
  108  12:02  Ravager x4  
  108  12:03  Ravager x2  
  108  12:04  Zergling x12  
  120  12:09  Zerg Melee Weapons Level 2  
  120  12:10  Baneling Nest  
  120  12:14  Infestation Pit  
  120  12:15  Overseer  
  118  12:27  Extractor x2  
  118  12:29  Queen  
  118  12:30  Queen  
  118  12:32  Spore Crawler  
  118  12:33  Spore Crawler  
  118  12:48  Spire  
  118  12:50  Hive  
  112  13:24  Hydralisk Den  
  111  13:30  Zerg Ground Armor Level 1  
  111  13:39  Extractor  
  110  13:43  Drone x8, Extractor  
  112  14:16  Zergling x6  
  112  14:17  Zergling x58  
  103  14:18  Zergling x4  
  63  14:54  Zergling x2  
  63  14:55  Zergling x26  
  63  14:59  Spine Crawler  
  74  15:03  Zergling x4, Spine Crawler  
  75  15:19  Baneling x6  
  75  15:22  Centrifical Hooks  
  75  15:25  Greater Spire  
  75  15:28  Drone  
  75  15:29  Drone x8  
  84  15:49  Queen x3  
  90  15:50  Queen  
  92  15:57  Baneling x11  
  92  16:05  Spine Crawler  
  75  16:19  Roach x19  
  106  16:41  Spine Crawler  
  106  16:43  Spine Crawler  
  102  16:52  Hatchery  
  101  16:55  Hydralisk  
  101  16:56  Hydralisk x5  
  101  16:58  Overlord x3  
  101  17:00  Ravager  
  114  17:03  Ravager  
  109  17:11  Ravager  
  109  17:13  Ravager  
  109  17:14  Ravager x2  
  109  17:15  Ravager  
  114  17:21  Zergling x18  
  76  17:32  Zergling x6  
  54  17:38  Zergling x2  
  54  17:41  Baneling x6  
  47  17:45  Baneling  
  47  17:46  Baneling x5  
  46  17:52  Hydralisk x3  
  38  18:20  Roach  
  38  18:21  Roach x4  
Show
View Real Time Build Order
Export as new Build Order

Refactor Protoss - Winner!

Build Orders:  

Get SALT Encoding   

  12  0:00  Probe  
  13  0:13  Pylon  
  13  0:18  Probe  
  14  0:29  Probe  
  15  0:37  Gateway, Probe  
  16  0:53  Forge  
  16  1:01  Pylon  
  16  1:37  Pylon  
  16  1:45  Pylon  
  16  1:51  Photon Cannon  
  16  1:52  Gateway  
  16  2:04  Photon Cannon  
  16  2:05  Pylon  
  15  2:11  Photon Cannon  
  15  2:14  Photon Cannon  
  15  2:31  Probe  
  15  2:34  Cybernetics Core  
  16  2:42  Probe  
  17  2:46  Assimilator  
  17  2:50  Probe  
  18  2:58  Probe  
  19  3:10  Pylon, Zealot, Probe  
  19  3:12  Assimilator  
  20  3:15  Pylon  
  22  3:22  Probe  
  23  3:32  Photon Cannon  
  23  3:34  Probe  
  24  3:48  Probe  
  24  3:53  Stalker  
  27  4:00  Probe  
  28  4:05  Pylon  
  28  4:12  Probe  
  28  4:25  Robotics Facility, Probe  
  29  4:39  Probe  
  30  4:48  Twilight Council  
  30  4:51  Probe  
  31  4:53  Nexus  
  31  5:03  Probe  
  32  5:07  Pylon  
  32  5:10  Immortal  
  32  5:15  Probe  
  37  5:33  Probe  
  38  5:39  Immortal  
  38  5:45  Dark Shrine, Probe  
  43  5:56  Sentry  
  45  6:05  Pylon  
  45  6:06  Probe x2  
  47  6:24  Gateway  
  47  6:27  Warp Prism  
  47  6:32  Probe x2  
  51  6:37  Assimilator  
  51  6:45  Probe x2  
  53  6:56  Assimilator  
  53  6:57  Probe x2  
  55  7:02  Dark Templar  
  57  7:09  Probe  
  57  7:10  Probe  
  59  7:17  Gateway  
  59  7:18  Gateway  
  59  7:19  Gateway  
  59  7:21  Probe  
  59  7:22  Probe  
  61  7:33  Probe  
  61  7:34  Probe  
  61  7:35  Pylon  
  57  8:00  Warp Gate  
  57  8:23  Probe x2  
  57  8:24  Pylon x2  
  59  8:34  Nexus  
  59  8:35  Pylon, Probe  
  58  8:51  Dark Templar x3  
  58  8:54  Pylon  
  59  9:22  Pylon, Charge  
  59  9:23  Gateway  
  59  9:26  Gateway  
  59  9:49  Forge  
  59  9:50  Forge  
  59  9:55  Dark Templar x4  
  61  10:24  Warp Prism  
  61  10:25  Probe x2  
  61  10:26  Probe  
  62  10:31  Gateway  
  62  10:33  Protoss Ground Weapons Level 1  
  62  10:34  Gateway  
  62  10:37  Photon Cannon  
  62  10:39  Photon Cannon  
  62  10:40  Gateway  
  62  10:42  Photon Cannon  
  62  10:44  Photon Cannon, Protoss Ground Armor Level 1  
  62  10:45  Shield Battery  
  62  10:46  Pylon  
  62  10:47  Shield Battery  
  62  10:49  Pylon, Shield Battery  
  56  10:53  Immortal  
  54  10:57  Pylon  
  54  10:59  Pylon, Zealot  
  54  11:02  Zealot  
  62  11:10  Templar Archives  
  62  11:19  Pylon  
  62  11:22  Pylon  
  62  11:32  Photon Cannon  
  62  11:35  Photon Cannon  
  62  11:39  Shield Battery  
  62  11:41  Shield Battery  
  62  11:49  Probe x3  
  62  11:54  Psionic Storm  
  65  11:56  High Templar x5  
  65  11:57  High Templar  
  65  12:01  Probe x3  
  80  12:13  Immortal, Probe  
  85  12:21  High Templar x2  
  85  12:22  High Templar  
  91  12:27  Assimilator  
  91  12:35  Probe  
  91  12:36  Assimilator, Probe  
  93  12:38  Probe  
  94  12:44  Dark Templar x3  
  94  12:48  Probe x2  
  94  12:50  Shield Battery  
  102  13:00  Archon x3  
  102  13:05  Dark Templar x2  
  104  13:11  Archon  
  104  13:12  Archon x3  
  106  13:18  Dark Templar x3  
  110  13:32  Nexus  
  110  13:36  Pylon  
  110  13:38  High Templar x2  
  114  13:43  Zealot  
  114  13:44  Zealot x3  
  122  13:51  Zealot x3  
  114  14:00  Gateway  
  114  14:01  Gateway  
  114  14:02  Photon Cannon x2  
  114  14:04  Photon Cannon  
  114  14:05  Shield Battery  
  114  14:06  Shield Battery, Zealot x3  
  114  14:07  Zealot  
  92  14:22  Archon  
  80  14:29  Zealot  
  80  14:30  Zealot x8  
  74  14:53  Zealot x9  
  92  15:00  High Templar  
  92  15:02  High Templar  
  92  15:06  Archon  
  96  15:12  Probe x2  
  96  15:13  Probe  
  99  15:16  High Templar x3, Assimilator x2  
  99  15:17  High Templar x3  
  111  15:23  Zealot  
  111  15:24  Probe, Zealot  
  111  15:25  Probe  
  117  15:32  Zealot x2  
  121  15:36  High Templar  
  123  15:45  High Templar  
  123  15:47  Protoss Ground Weapons Level 2  
  125  15:53  Zealot x5  
  125  15:54  Zealot x3  
  141  16:05  Robotics Bay  
  95  16:29  Zealot  
  95  16:30  Zealot x9  
  95  16:31  Zealot  
  117  16:50  Zealot  
  117  16:51  Zealot x8  
  121  17:40  Zealot x11  
  105  18:19  Archon x3  
  95  18:27  High Templar x9  
  95  18:28  High Templar x2  
Tags
 
Add a new tag
Caveats
  • Supply blocks, unpowered buildings, or Contaminate may cause inaccurate times.
  • Supply counts are checked every 10 seconds.